 Dungeon Crawl Stone Soup version 0.19.5 (console) character file.

189 Grinner the Ducker (level 5, -5/40 HPs)
             Began as a Minotaur Transmuter on Mar 13, 2017.
             Slain by a bullfrog zombie (6 damage)
             ... on level 3 of the Dungeon.
             The game lasted 00:04:35 (2794 turns).

Grinner the Ducker (Minotaur Transmuter)            Turns: 2794, Time: 00:04:36

Health: -5/40      AC:  5    Str: 12 (15) XL:     5   Next: 40%
Magic:  6/6        EV: 17    Int:  7 (10) God:
Gold:   125        SH:  0    Dex:  8 (11) Spells: 1 memorised, 5 levels left

rFire  . . .     SeeInvis .     n - -1 short sword (curse)
rCold  + . .     Gourm    .     b - +0 robe
rNeg   . . .     Faith    .     (no shield)
rPois  .         Spirit   .     (helmet restricted)
rElec  .         Reflect  .     q - +0 cloak
rCorr  .         Harm     .     (no gloves)
MR     .....                    (no boots)
Stlth  +.........               (no amulet)
                                l - ring of protection from cold
                                f - +4 ring of evasion

@: about to teleport, slowed, very slow
A: retaliatory headbutt, claws 1, horns 2, molten scales 1, no device heal 1
a: no special abilities


You were on level 3 of the Dungeon.
You were not hungry.

You visited 1 branch of the dungeon, and saw 3 of its levels.

You collected 125 gold pieces.

Inventory:

Hand Weapons
 n - a cursed -1 short sword (weapon)
 p - a +4 quarterstaff of chaos
Missiles
 a - 46 arrows
Armour
 b - a +0 robe (worn)
 q - a +0 cloak (worn)
Jewellery
 f - a +4 ring of evasion (left claw)
 l - a ring of protection from cold (right claw)
Scrolls
 e - a scroll of magic mapping
 g - a scroll of fog
Potions
 h - 2 potions of flight
 j - a potion of cancellation
Books
 c - a book of Changes

   Spells                             Type                      Level
   a - Beastly Appendage              Transmutation                1
   b - Sticks to Snakes               Transmutation                2
   c - Spider Form                    Transmutation/Poison         3
   d - Ice Form                       Ice/Transmutation            4
   e - Blade Hands                    Transmutation                5
Comestibles
 d - a bread ration
 o - 2 beef jerkies


   Skills:
 - Level 1.2 Fighting
 + Level 4.3 Dodging
 - Level 3.2 Unarmed Combat
 - Level 1.3 Spellcasting
 + Level 3.6 Transmutations


You had 5 spell levels left.
You knew the following spells:

 Your Spells              Type           Power        Failure   Level  Hunger
z - Beastly Appendage     Tmut           #.....       10%         1    ##.....


Dungeon Overview and Level Annotations

Branches:
Dungeon (3/15)

Altars:

Annotations:
D:3 Jessica, Sigmund


Innate Abilities, Weirdness & Mutations

You reflexively headbutt those who attack you in melee.
You have a pair of horns on your head.
You have sharp fingernails.
You are partially covered in molten scales. (AC +2)
Potions and wands are less effective at restoring your health.


Message History

Jessica gestures wildly while chanting.
Jessica blinks!
The bullfrog zombie misses you. Sigmund misses you.
It was a potion of mutation.
You feel extremely strange.
Your fingernails lengthen.
Your system partially rejects artificial healing.
Molten scales grow over part of your body.
Jessica casts a spell.
Jessica blinks!
The bullfrog zombie misses you. The kobold closely misses you.
You furiously retaliate!
You headbutt the kobold!
You kill the kobold!
The bullfrog zombie closely misses you.
Sigmund hits you from afar with a scythe of distortion!
* * * LOW HITPOINT WARNING * * *
You feel strangely unstable.
Okay, then.
You aren't carrying any items that you can evoke.
Unknown command.
Okay, then.
The bullfrog zombie hits you.
You die...

#............#........
#..........#+#........
#........(.(..........
#.....................
#...........(.........
#...@.......(.........
#..).##.......#+#.#...
#....Z.@......#...#...
####.@.........####...
#............ ....
#......##. #......#
#......# #......#
#.....!# ########


You could see Sigmund, Jessica and a bullfrog zombie.

Vanquished Creatures
  An ice beast (D:2)
  Crazy Yiuf (D:2)
  An adder (D:2)
  An ooze (D:2)
  2 worms (D:2)
  A dart slug (D:2)
  2 giant cockroaches (D:1)
  7 goblins
  5 hobgoblins
  3 jackals (D:1)
  5 kobolds
  A ball python (D:2)
  11 bats
  4 frilled lizards
  4 rats
  A bush (D:1)
  A plant (D:1)
51 creatures vanquished.

Notes
Turn   | Place    | Note
-------+----------+-------------------------------------------
     0 | D:1      | Grinner the Minotaur Transmuter began the quest for the Orb.
     0 | D:1      | Reached XP level 1. HP: 16/16 MP: 1/1
   364 | D:1      | Reached XP level 2. HP: 23/23 MP: 3/3
   878 | D:1      | Reached XP level 3. HP: 28/28 MP: 4/4
  1498 | D:2      | Reached skill level 3 in Dodging
  1851 | D:2      | Found a runed door.
  1859 | D:2      | Noticed Crazy Yiuf
  1871 | D:2      | HP: 1/28 [Crazy Yiuf/quarterstaff of chaos (9)]
  1872 | D:2      | Killed Crazy Yiuf
  1872 | D:2      | Reached XP level 4. HP: 2/35 MP: 5/5
  2343 | D:2      | Noticed an ice beast
  2352 | D:2      | Killed an ice beast
  2352 | D:2      | Reached skill level 4 in Dodging
  2352 | D:2      | Reached XP level 5. HP: 11/40 MP: 4/6
  2754 | D:3      | Noticed Sigmund
  2775 | D:3      | Noticed Jessica
  2793 | D:3      | Gained mutation: You have sharp fingernails. [potion of mutation]
  2793 | D:3      | Gained mutation: Potions and wands are less effective at restoring your health. [potion of mutation]
  2793 | D:3      | Gained mutation: You are partially covered in molten scales. (AC +2) [potion of mutation]
  2793 | D:3      | HP: 1/40 [Sigmund/scythe of distortion (7)]
  2794 | D:3      | Slain by a bullfrog zombie

Skill      XL: |  1  2  3  4 |
---------------+-------------+-----
Transmutations | 2 3 |  3.6
Dodging        | 3 4 |  4.3
Fighting       | |  1.2
Unarmed Combat | |  3.2
Spellcasting   | |  1.3

Action                   |  1- 3 |  4- 6 || total
-------------------------+-------+-------++-------
Melee: Unarmed           |   218 |       ||   218
       Headbutt          |    58 |     3 ||    61
       Punch             |     7 |     1 ||     8
       Short sword       |    32 |    24 ||    56
       Kick              |     9 |     2 ||    11
 Cast: Beastly Appendage |     2 |     1 ||     3
  Use: Scroll            |     3 |     3 ||     6
       Potion            |     1 |     2 ||     3
 Stab: Sleeping          |     2 |     1 ||     3
       Invisible         |     1 |       ||     1
  Eat: Chunk             |     3 |       ||     3
       Meat ration       |       |     1 ||     1
Armor: Robe              |    13 |     5 ||    18
Dodge: Dodged            |    70 |    44 ||   114
